SL
WIZARDING EXPRESS @ RICHARDSON CITY THUNDERCATS
08/29/2032
 
TOP OF THE 1ST
Wizarding Express batting - Pitching for Richardson City Thundercats : RHP Joe Pruitt
Pitching: RHP Joe Pruitt
Batting: LHB José Corona 0-0: Ball
1-0: Ball
2-0: Ball
3-0: Base on Balls
Batting: SHB Salvador Trevino 0-0: Called Strike
0-1: Swinging Strike
0-2: Foul Ball, location: 2F
0-2: Foul Ball, location: 2F
0-2: Strikes out looking
Batting: LHB Nathan Tanner 0-0: Ball
1-0: Ball
2-0: Called Strike
2-1: Ball
3-1: Foul Ball, location: 2F
3-2: Fly out, F7 (Flyball, 78S)
Lined into DP, 7-3 (Flyball, 78S)
Top of the 1st over - 0 runs, 0 hits, 0 errors, 0 left on base; Wizarding 0 - Richardson City 0
BOTTOM OF THE 1ST
Richardson City Thundercats batting - Pitching for Wizarding Express : RHP Juan Contreras
Pitching: RHP Juan Contreras
Batting: LHB Ashley Thachi 0-0: SINGLE (Groundball, 4MD)
Batting: LHB Juan Macíel 0-0: Ball
1-0: Fly out, F9 (Flyball, 9S)
Batting: LHB Eric Thackston 0-0: SINGLE (Flyball, 8RS)
Ashley Thachi to second
Runner from 2nd tries for 3rd, OUT!
Batting: RHB Anselmo Berneu 0-0: SINGLE (Line Drive, 89S)
Eric Thackston to second
Batting: SHB Mitch Qualtrough 0-0: Ball
1-0: Called Strike
1-1: Called Strike
1-2: Fly out, F1 (Line Drive, 15S)
Bottom of the 1st over - 0 runs, 3 hits, 0 errors, 2 left on base; Wizarding 0 - Richardson City 0
TOP OF THE 2ND
Wizarding Express batting - Pitching for Richardson City Thundercats : RHP Joe Pruitt
Batting: RHB Ralph Cranford 0-0: Foul Ball, location: 2F
0-1: Called Strike
0-2: Foul Ball, location: 2F
0-2: Fly out, F7 (Flyball, 7S)
Batting: SHB Fernando Sánchez 0-0: Ground out 4-3 (Groundball, 34)
Batting: LHB António Boccanegra 0-0: Ball
1-0: Ball
2-0: Ball
3-0: Called Strike
3-1: Called Strike
3-2: Foul Ball, location: 2F
3-2: Strikes out swinging
Top of the 2nd over - 0 runs, 0 hits, 0 errors, 0 left on base; Wizarding 0 - Richardson City 0
BOTTOM OF THE 2ND
Richardson City Thundercats batting - Pitching for Wizarding Express : RHP Juan Contreras
Batting: RHB Tomás Martínez 0-0: Ball
1-0: SOLO HOME RUN (Flyball, 7LD), Distance : 361 ft
Batting: RHB Alfredo Pizarro 0-0: Ball
1-0: Ball
2-0: Foul Ball, location: 2F
2-1: Foul Ball, location: 2F
2-2: Ball
3-2: Fly out, F8 (Flyball, 8RD)
Batting: LHB Denis Jerningham 0-0: Ball
1-0: Ball
2-0: Ball
3-0: Called Strike
3-1: Base on Balls
Batting: LHB Eduardo Álvarez 0-0: Foul Ball, location: 2F
0-1: Foul Ball, location: 2F
0-2: Ball
1-2: Foul Ball, location: 2F
1-2: Ball
2-2: Ball
3-2: Base on Balls
Denis Jerningham to second
Batting: LHB Ashley Thachi 0-0: Called Strike
0-1: Foul Ball, location: 2F
0-2: Foul Ball, location: 2F
0-2: Strikes out looking
Batting: LHB Juan Macíel 0-0: Called Strike
0-1: Fielders Choice at 2nd, 6-4 (Groundball, 6)
Bottom of the 2nd over - 1 run, 1 hit, 0 errors, 2 left on base; Wizarding 0 - Richardson City 1
TOP OF THE 3RD
Wizarding Express batting - Pitching for Richardson City Thundercats : RHP Joe Pruitt
Batting: RHB Frank Grimes 0-0: Called Strike
0-1: SINGLE (Line Drive, 9S)
Batting: RHB Gustavo Mateo 0-0: Ball
1-0: Called Strike
1-1: Called Strike
1-2: Ball
2-2: Grounds into double play, 5-4-3 (Groundball, 56)
Batting: LHB Cris Gonzáles 0-0: Ball
1-0: Ground out 3-1 (Groundball, 34)
Top of the 3rd over - 0 runs, 1 hit, 0 errors, 0 left on base; Wizarding 0 - Richardson City 1
BOTTOM OF THE 3RD
Richardson City Thundercats batting - Pitching for Wizarding Express : RHP Juan Contreras
Batting: LHB Eric Thackston 0-0: Called Strike
0-1: Ball
1-1: Called Strike
1-2: Ball
2-2: Ground out U3 (Groundball, 3)
Batting: RHB Anselmo Berneu 0-0: Ball
1-0: Ball
2-0: Ball
3-0: Called Strike
3-1: Called Strike
3-2: Base on Balls
Batting: SHB Mitch Qualtrough 0-0: Called Strike
0-1: Foul Ball, location: 2F
0-2: Ground out 6-3 (Groundball, 6M)
Anselmo Berneu to second
Batting: RHB Tomás Martínez 0-0: Swinging Strike
0-1: Ball
1-1: Called Strike
1-2: Foul Ball, location: 2F
1-2: Ball
2-2: Ball
3-2: Foul Ball, location: 2F
3-2: Strikes out swinging
Bottom of the 3rd over - 0 runs, 0 hits, 0 errors, 1 left on base; Wizarding 0 - Richardson City 1
TOP OF THE 4TH
Wizarding Express batting - Pitching for Richardson City Thundercats : RHP Joe Pruitt
Batting: LHB José Corona 0-0: Fly out, F8 (Flyball, 8LM)
Batting: SHB Salvador Trevino 0-0: Called Strike
0-1: Ball
1-1: Ball
2-1: Foul Ball, location: 2F
2-2: Foul Ball, location: 2F
2-2: Fly out, F8 (Flyball, 8LM)
Batting: LHB Nathan Tanner 0-0: Called Strike
0-1: Swinging Strike
0-2: SINGLE (Flyball, 7LS)
Batting: RHB Ralph Cranford 0-0: Ball
1-0: Ball
2-0: Called Strike
2-1: Foul Ball, location: 2F
2-2: Foul Ball, location: 2F
2-2: Strikes out swinging
Top of the 4th over - 0 runs, 1 hit, 0 errors, 1 left on base; Wizarding 0 - Richardson City 1
BOTTOM OF THE 4TH
Richardson City Thundercats batting - Pitching for Wizarding Express : RHP Juan Contreras
Batting: RHB Alfredo Pizarro 0-0: Foul Ball, location: 2F
0-1: SINGLE (Groundball, 56D)
Batting: LHB Denis Jerningham 0-0: Ball
1-0: Swinging Strike
1-1: Called Strike
1-2: Ball
2-2: Ball
3-2: SINGLE (Groundball, 4MD)
Alfredo Pizarro to second
Batting: LHB Eduardo Álvarez 0-0: Ball
1-0: Ball
2-0: Foul Ball, location: 2F
2-1: Swinging Strike
2-2: Strikes out looking
Batting: LHB Ashley Thachi 0-0: Called Strike
0-1: Called Strike
0-2: Ball
1-2: SINGLE (Groundball, 5S) (infield hit)
Alfredo Pizarro to third
Denis Jerningham to second
Batting: LHB Juan Macíel 0-0: Ball
1-0: Foul Ball, location: 2F
1-1: Ball
2-1: Ball
3-1: SINGLE (Groundball, 6MD)
Alfredo Pizarro scores
Denis Jerningham to third
Ashley Thachi to second
Runner from 3rd tries for Home, SAFE, no throw
Batting: LHB Eric Thackston 0-0: Ball
1-0: Ball
2-0: Foul Ball, location: 2F
2-1: Foul Ball, location: 2F
2-2: Foul Ball, location: 2F
Balk!
Ashley Thachi to third
Juan Macíel to second
2-2: Ball
3-2: SINGLE (Groundball, 5D)
Ashley Thachi scores
Juan Macíel to third
Runner from 3rd tries for Home, SAFE, no throw
Batting: RHB Anselmo Berneu 0-0: Fly out, F4 (Popup, 4M)
Batting: SHB Mitch Qualtrough 0-0: Ball
1-0: Ball
2-0: SINGLE (Line Drive, 4MD)
Eric Thackston to second
Batting: RHB Tomás Martínez 0-0: Called Strike
0-1: Swinging Strike
0-2: Fly out, F8 (Flyball, 78XD)
Bottom of the 4th over - 4 runs, 6 hits, 0 errors, 2 left on base; Wizarding 0 - Richardson City 5
TOP OF THE 5TH
Wizarding Express batting - Pitching for Richardson City Thundercats : RHP Joe Pruitt
Batting: SHB Fernando Sánchez 0-0: Called Strike
0-1: Foul Ball, location: 2F
0-2: Ball
1-2: Strikes out swinging
Batting: LHB António Boccanegra 0-0: SINGLE (Line Drive, 89M)
Batting: RHB Frank Grimes 0-0: Fly out, F2 (Popup, 2RF)
Batting: RHB Gustavo Mateo 0-0: Fly out, F6 (Line Drive, 6MD)
Top of the 5th over - 0 runs, 1 hit, 0 errors, 1 left on base; Wizarding 0 - Richardson City 5
BOTTOM OF THE 5TH
Richardson City Thundercats batting - Pitching for Wizarding Express : RHP Juan Contreras
Batting: RHB Alfredo Pizarro 0-0: Called Strike
0-1: Foul Ball, location: 2F
0-2: Ball
1-2: Ball
2-2: Ball
3-2: Base on Balls
Batting: LHB Denis Jerningham 0-0: SINGLE (Groundball, 4MD)
Alfredo Pizarro to second
Batting: LHB Eduardo Álvarez 0-0: Ball
1-0: 3-RUN HOME RUN (Flyball, 9LD), Distance : 355 ft
Batting: LHB Ashley Thachi 0-0: Ball
1-0: Ball
2-0: Ball
3-0: Base on Balls
Batting: LHB Juan Macíel 0-0: Called Strike
0-1: Ball
1-1: Ball
2-1: Foul Ball, location: 2F
2-2: Grounds into double play, U3-6 (Groundball, 3L)
Batting: LHB Eric Thackston 0-0: Called Strike
0-1: Called Strike
0-2: SINGLE (Line Drive, 6D)
Pitching: LHP Eijiro Takahashi
Batting: RHB Anselmo Berneu 0-0: Called Strike
0-1: Ball
Wild Pitch!
Eric Thackston to second
1-1: Ball
2-1: Foul Ball, location: 2F
2-2: 2-RUN HOME RUN (Flyball, 8RXD), Distance : 428 ft
Batting: SHB Mitch Qualtrough 0-0: Ball
1-0: Called Strike
1-1: Ball
2-1: Fly out, F4 (Popup, 4M)
Bottom of the 5th over - 5 runs, 4 hits, 0 errors, 0 left on base; Wizarding 0 - Richardson City 10
TOP OF THE 6TH
Wizarding Express batting - Pitching for Richardson City Thundercats : RHP Joe Pruitt
Batting: LHB Cris Gonzáles 0-0: Called Strike
0-1: Ball
1-1: Ground out U3 (Groundball, 3)
Batting: LHB José Corona 0-0: SINGLE (Groundball, 6MD)
Batting: SHB Salvador Trevino 0-0: Ball
1-0: Ground out 6-3 (Groundball, 6S)
José Corona to second
Batting: LHB Nathan Tanner 0-0: Foul Ball, location: 2F
0-1: Ball
1-1: Ball
2-1: Called Strike
2-2: SINGLE (Line Drive, 56D)
José Corona to third
Runner from 3rd tries for Home, SAFE, no throw
Batting: RHB Ralph Cranford 0-0: Called Strike
0-1: SINGLE (Groundball, 6MD)
Nathan Tanner to second
Batting: SHB Fernando Sánchez 0-0: Called Strike
0-1: Foul Ball, location: 2F
0-2: Strikes out swinging
Top of the 6th over - 1 run, 3 hits, 0 errors, 2 left on base; Wizarding 1 - Richardson City 10
BOTTOM OF THE 6TH
Richardson City Thundercats batting - Pitching for Wizarding Express : LHP Eijiro Takahashi
Batting: RHB Tomás Martínez 0-0: Called Strike
0-1: Ball
1-1: Foul Ball, location: 2F
1-2: Ball
2-2: SINGLE (Line Drive, 56D)
Batting: RHB Alfredo Pizarro 0-0: Ball
1-0: Ball
2-0: Ball
3-0: Base on Balls
Tomás Martínez to second
Batting: LHB Denis Jerningham 0-0: Swinging Strike
0-1: Called Strike
0-2: Ball
1-2: Strikes out looking
Batting: LHB Eduardo Álvarez 0-0: Ball
1-0: Called Strike
1-1: Called Strike
1-2: Ball
2-2: Fly out, F7 (Flyball, 7S)
Batting: LHB Ashley Thachi 0-0: Swinging Strike
0-1: Ball
1-1: SINGLE (Line Drive, 8RM)
Tomás Martínez to third
Alfredo Pizarro to second
Batting: LHB Juan Macíel 0-0: Called Strike
0-1: Ball
1-1: Ball
2-1: Foul Ball, location: 2F
2-2: Foul Ball, location: 2F
2-2: Ball
3-2: Foul Ball, location: 2F
3-2: Strikes out swinging
Bottom of the 6th over - 0 runs, 2 hits, 0 errors, 3 left on base; Wizarding 1 - Richardson City 10
TOP OF THE 7TH
Wizarding Express batting - Pitching for Richardson City Thundercats : RHP Joe Pruitt
Batting: LHB António Boccanegra 0-0: Foul Ball, location: 2F
0-1: Ball
1-1: Fly out, F8 (Flyball, 8RXD)
Batting: RHB Frank Grimes 0-0: Foul Ball, location: 2F
0-1: Ground out 5-3 (Groundball, 56)
Batting: RHB Gustavo Mateo 0-0: Foul Ball, location: 2F
0-1: SINGLE (Flyball, 8RS)
Batting: LHB Cris Gonzáles 0-0: Called Strike
0-1: Foul Ball, location: 2F
0-2: Ball
1-2: Strikes out swinging
Top of the 7th over - 0 runs, 1 hit, 0 errors, 1 left on base; Wizarding 1 - Richardson City 10
BOTTOM OF THE 7TH
Richardson City Thundercats batting - Pitching for Wizarding Express : LHP Eijiro Takahashi
Batting: LHB Eric Thackston 0-0: Ball
1-0: Foul Ball, location: 2F
1-1: Called Strike
1-2: Strikes out looking
Batting: RHB Anselmo Berneu 0-0: Called Strike
0-1: Foul Ball, location: 2F
0-2: Ball
1-2: Strikes out swinging
Batting: SHB Mitch Qualtrough 0-0: SINGLE (Line Drive, 4D)
Batting: RHB Tomás Martínez 0-0: Hit by Pitch
Mitch Qualtrough to second
Batting: RHB Alfredo Pizarro 0-0: Ball
1-0: Called Strike
1-1: Ball
2-1: Swinging Strike
2-2: Foul Ball, location: 2F
2-2: Fly out, F7 (Flyball, 7S)
Bottom of the 7th over - 0 runs, 1 hit, 0 errors, 2 left on base; Wizarding 1 - Richardson City 10
TOP OF THE 8TH
Wizarding Express batting - Pitching for Richardson City Thundercats : RHP Joe Pruitt
Batting: LHB José Corona 0-0: Fly out, F8 (Line Drive, 8RD)
Batting: SHB Salvador Trevino 0-0: Ball
1-0: Ball
2-0: Ball
3-0: Foul Ball, location: 2F
3-1: Base on Balls
Batting: LHB Nathan Tanner 0-0: Fielders Choice at 2nd, 4-6 (Groundball, 4)
Batting: RHB Ralph Cranford 0-0: Called Strike
0-1: Ball
1-1: Fielders Choice at 2nd, 6-4 (Groundball, 6)
Top of the 8th over - 0 runs, 0 hits, 0 errors, 1 left on base; Wizarding 1 - Richardson City 10
BOTTOM OF THE 8TH
Richardson City Thundercats batting - Pitching for Wizarding Express : LHP Eijiro Takahashi
Batting: LHB Denis Jerningham 0-0: Ball
1-0: Ball
2-0: Ball
3-0: Base on Balls
Pitching: RHP Biff Tannen
Batting: LHB Eduardo Álvarez 0-0: Ball
1-0: Called Strike
1-1: Grounds into double play, 4-6-3 (Groundball, 4)
Batting: LHB Ashley Thachi 0-0: Ball
1-0: Ball
2-0: Ball
3-0: Base on Balls
Batting: LHB Juan Macíel 0-0: Ball
Wild Pitch!
Ashley Thachi to second
1-0: Foul Ball, location: 2F
1-1: Called Strike
1-2: Ball
2-2: Fly out, F9 (Line Drive, 9)
Bottom of the 8th over - 0 runs, 0 hits, 0 errors, 1 left on base; Wizarding 1 - Richardson City 10
TOP OF THE 9TH
Wizarding Express batting - Pitching for Richardson City Thundercats : RHP Joe Pruitt
Batting: SHB Fernando Sánchez 0-0: Called Strike
0-1: SINGLE (Line Drive, 34S)
Batting: LHB António Boccanegra 0-0: Foul Ball, location: 2F
0-1: Fielders Choice at 2nd, 3-6 (Groundball, 3)
Batting: RHB Frank Grimes 0-0: Ball
1-0: Ball
2-0: Grounds into double play, 5-4-3 (Groundball, 56)
Top of the 9th over - 0 runs, 1 hit, 0 errors, 0 left on base; Wizarding 1 - Richardson City 10
Wednesday, September 19th, 2018 - OOTP Baseball 18.8 Build 76